 Dungeon Crawl Stone Soup version 0.25-a0-701-gb30f108f01 (webtiles) character file.

Game seed: 16543856866930483643, levelgen mode: deterministic

60 Amnesiac the Magician (level 3, 0/19 HPs)
             Began as a Deep Elf Wizard on Apr 4, 2020.
             Slain by Purgy (7 damage)
             ... in a sewer.
             The game lasted 00:02:12 (817 turns).

Amnesiac the Magician (Deep Elf Wizard)              Turns: 817, Time: 00:02:12

Health: 0/19       AC:  2    Str:  4    XL:     3   Next: 80%
Magic:  9/13       EV: 13    Int: 23    God:
Gold:   31         SH:  0    Dex: 13    Spells: 7/15 levels left

rFire    . . .     SeeInvis .   a - +0 dagger (elec)
rCold    . . .     Gourm    .   (no shield)
rNeg     . . .     Faith    .   e - +0 robe
rPois    .         Spirit   .   b - +0 hat
rElec    .         Reflect  .   (no cloak)
rCorr    .         Harm     .   (no gloves)
MR       .....                  (no boots)
Stlth    ++........             k - amulet of magic regeneration
HPRegen  0.06/turn              (no ring)
MPRegen  0.38/turn              (no ring)

@: very slightly contaminated
A: no striking features
a: no special abilities


You were in a sewer.
You were not hungry.

You visited 1 branch of the dungeon, and saw 3 of its levels.
You also visited: Sewer.

You collected 31 gold pieces.

Inventory:

Hand Weapons
 a - a +0 dagger of electrocution (weapon)
Armour
 b - a +0 hat (worn)
 e - a +0 robe (worn)
 h - a +0 kite shield
Jewellery
 k - an amulet of magic regeneration (around neck)
Scrolls
 c - a scroll of teleportation {!r, unknown}
 i - a scroll of enchant armour {!r, unknown}
 l - a scroll of identify {!r, unknown}
 o - 2 scrolls of fear {!r, unknown}
Potions
 f - 2 potions of resistance {!q, unknown}
 j - a potion of magic {!q, unknown}
 m - 3 potions of might {!q, unknown}
 n - 4 potions of flight {!q, unknown}
Comestibles
 d - 4 rations
 g - 4 chunks of flesh


   Skills:
 - Level 2.4 Dodging
 - Level 2.4 Stealth
 + Level 6.6 Spellcasting
 - Level 1.1 Conjurations
 - Level 1.1 Summonings
 - Level 1.1 Translocations


You had 7 spell levels left.
You knew the following spells:

 Your Spells              Type           Power        Failure   Level  Hunger
a - Magic Dart            Conj           ##..         4%          1    None
b - Call Imp              Summ           ##......     8%          2    None
e - Mephitic Cloud        Conj/Pois/Air  #.......     21%         3    None
v - Blink                 Tloc           N/A          8%          2    None

Your spell library contained the following spells:

 Spells                   Type           Power        Failure   Level  Hunger
 Slow                     Hex            #.......     12%         2    None
 Conjure Flame            Conj/Fire      ##......     19%         3    None


Dungeon Overview and Level Annotations

Branches:
Dungeon (3/15)              Sewer (1/1)

Altars:

Annotations:
Sewer Purgy


Message History

Found a gate leading back out of this place.
Found three items.
You enter the shallow water.
Your magical contamination has completely faded away.
m - a murky white potion {!q}
n - 2 orange potions {!q}
n - 4 orange potions {!q} (gained 2)
o - a scroll labeled GAJOOB ENUBBO {!r}
m - 2 murky white potions {!q} (gained 1)
o - 2 scrolls labeled GAJOOB ENUBBO {!r} (gained 1)
m - 3 murky white potions {!q} (gained 1)
You enter the shallow water.
A frilled lizard comes into view.
Casting: Magic Dart (safe; 4% risk of failure)
Confirm with . or Enter, or press ? or * to list all spells.
Aiming: Magic Dart (safe; 4% risk of failure)
Press: ? - help, Shift-Dir - straight line, f - frilled lizard
Aim: a frilled lizard (water, hasn't noticed you)
The magic dart hits the frilled lizard.
You kill the frilled lizard!
Casting: Magic Dart (safe; 4% risk of failure)
Confirm with . or Enter, or press ? or * to list all spells.
You can't see any susceptible monsters within range! (Use Z to cast anyway.)
Casting: Magic Dart (safe; 4% risk of failure)
Confirm with . or Enter, or press ? or * to list all spells.
You can't see any susceptible monsters within range! (Use Z to cast anyway.)
Casting: Magic Dart (safe; 4% risk of failure)
Confirm with . or Enter, or press ? or * to list all spells.
You can't see any susceptible monsters within range! (Use Z to cast anyway.)
You enter the shallow water.
Purgy the Meek comes into view.
Purgy shouts!
Casting: Magic Dart (safe; 4% risk of failure)
Confirm with . or Enter, or press ? or * to list all spells.
You don't know that spell.
Casting: Magic Dart (safe; 4% risk of failure)
Confirm with . or Enter, or press ? or * to list all spells.
You don't know that spell.
Memorise Mephitic Cloud, consuming 3 spell levels and leaving 7?
You start memorising the spell.
You continue memorising.
Purgy hisses menacingly.
You continue memorising. x2
Purgy barely misses you. Purgy claws you.
Your memorisation is interrupted.
Purgy closely misses you.
Purgy hisses, "I bite!"
You enter the shallow water.
Purgy bites you. Purgy claws you. x2
* * * LOW HITPOINT WARNING * * *
Casting: Magic Dart (safe; 4% risk of failure)
Confirm with . or Enter, or press ? or * to list all spells.
You blink.
Purgy closely misses you. Purgy barely misses you. Purgy claws you.
* * * LOW HITPOINT WARNING * * *
Casting: Blink (safe; 8% risk of failure)
Confirm with . or Enter, or press ? or * to list all spells.
You blink.
Some of the chunks of flesh in your inventory have rotted away.
Memorise Mephitic Cloud, consuming 3 spell levels and leaving 7?
You start memorising the spell.
You continue memorising. x3
You finish memorising.
Spell assigned to 'e'.
Casting: Blink (safe; 8% risk of failure)
Confirm with . or Enter, or press ? or * to list all spells.
You miscast Blink.
You are very lightly contaminated with residual magic.
Nothing appears to happen.
Purgy bites you!
You die...

≈≈≈≈≈≈≈≈≈≈≈≈≈≈≈≈≈≈≈≈
##≈≈≈≈≈≈≈≈≈≈≈≈≈≈≈≈≈≈≈≈≈
##≈≈≈≈≈≈≈≈≈≈≈.#≈.≈...≈≈≈
≈≈≈≈≈≈≈≈≈≈≈≈.####.###.≈≈
≈≈≈≈≈≈≈≈≈.#.## #.# ###≈
≈≈≈≈≈≈≈≈≈..## #.# #≈
≈≈≈≈≈≈≈≈≈≈# #.# #.
≈≈≈≈≈≈≈≈T.# #≈# ##
≈≈≈≈≈≈≈@# #≈# #
≈≈≈≈≈≈≈..# ##≈##
≈≈≈≈≈≈≈### #...# ≈≈≈≈≈≈#
#.∩.# ≈≈≈≈≈≈ #...#
≈≈≈≈≈≈ ##### ≈≈≈≈≈ ≈≈≈≈≈
#


You could see Purgy.

Vanquished Creatures
  3 adders
  An ooze (D:1)
  A leopard gecko (D:3)
  7 giant cockroaches
  A goblin (D:1)
  3 ball pythons (Sewer)
  A frilled lizard (Sewer)
  2 kobolds
  A rat (D:2)
20 creatures vanquished.

Vanquished Creatures (collateral kills)
  An adder (D:3)
  A jackal zombie (D:3)
  A kobold (D:1)
3 creatures vanquished.

Grand Total: 23 creatures vanquished

Notes
Turn   | Place    | Note
-------+----------+-------------------------------------------
     0 | D:1      | Amnesiac the Deep Elf Wizard began the quest for the Orb.
     0 | D:1      | Reached XP level 1. HP: 10/10 MP: 7/7
    41 | D:1      | Reached skill level 5 in Spellcasting
    58 | D:1      | Reached XP level 2. HP: 7/15 MP: 0/10
    97 | D:1      | Learned a level 2 spell: Call Imp
   405 | D:3      | Learned a level 2 spell: Blink
   598 | D:3      | Reached XP level 3. HP: 10/19 MP: 7/12
   600 | D:3      | Reached skill level 6 in Spellcasting
   608 | D:3      | Found a glowing drain.
   723 | Sewer    | Entered a sewer
   801 | Sewer    | Noticed Purgy
   817 | Sewer    | Learned a level 3 spell: Mephitic Cloud
   817 | Sewer    | Slain by Purgy

Levels and vault maps discovered:
D:1:      eino_arrival_water_star, layout_loops_ring, roderic_st_hans_cross,
          chequers_avenue, chequers_serial_rivers_micro_e
D:2:      layout_loops_ring, columned_hall_lemuel, uniq_robin
D:3:      layout_basic, gammafunk_temple_overflow_wave,
          chequers_ecumenical_altar_lobes, portal_sewer_entry_f, serial_bayou,
          serial_bayou_lake_a, serial_bayou_pond_e, serial_bayou_pond_e,
          serial_bayou_crossing, serial_bayou_pond_c, minivault_24
Sewer:    sewer_co_purgy_island

Skill      XL: |  1  2  3 |
---------------+----------+-----
Spellcasting   | 5 6 |  6.6
Dodging        | |  2.4
Stealth        | |  2.4
Conjurations   | |  1.1
Summonings     | |  1.1
Translocations | |  1.1

Action                   || total
-------------------------++-------
Melee: Dagger            ||     3
 Cast: Magic Dart        ||    56
       Call Imp          ||     3
       Blink             ||     2
Armor: Robe              ||     1
Dodge: Dodged            ||    13

Table legend:
 A = Non-vault XP
 B = Vault XP
 C = Vault XP percentage of total XP
 D = Non-vault monster count
 E = Vault monster count
 F = Vault count percentage of total count
                 A         B        C        D         E       F
            +---------+---------+-------+---------+---------+-------
      Total |      40 |      46 |  53.5 |      11 |      12 |  52.2
            +---------+---------+-------+---------+---------+-------
        D:1 |      13 |       0 |   0.0 |       5 |       0 |   0.0
        D:2 |       1 |       0 |   0.0 |       1 |       0 |   0.0
        D:3 |      26 |      13 |  33.3 |       5 |       6 |  54.5
      Sewer |       0 |      33 | 100.0 |       0 |       6 | 100.0
            +---------+---------+-------+---------+---------+-------
